 Dungeon Crawl Stone Soup version 0.32-a0-468-g38b2580584 (webtiles) character file.

Game seed: 5527755046110343363

30007149 bakla the Scholar of Destruction (level 27, 242/242 HPs)
             Began as a Coglin Brigand on Feb 24, 2024.
             Was a Follower of Vehumet.
             Escaped with the Orb
             ... and 15 runes
             ... and 3 gems!
             The game lasted 03:06:59 (49970 turns).

bakla the Scholar of Destruction (Coglin Brigand)  Turns: 49970, Time: 03:07:00

Health: 242/242    AC: 31    Str: 15      XL:     27
Magic:  40/40      EV: 28    Int: 14 (15) God:    Vehumet [*.....]
Gold:   3132       SH:  0    Dex: 25 (26) Spells: 25/26 levels left

rFire   + + +        E - +11 Singing Sword {sonic wave}
rCold   + . .        r - +5 dagger of Due Proportion {speed, rElec}
rNeg    + + +        A - +6 fire dragon scales {Xtahua}
rPois   ∞            Y - +0 hat "Jaefig" {Rampage Str+2 Int+2 Stlth+}
rElec   +            G - +1 cloak of Charity {rN+ Regen+}
rCorr   .            g - +2 pair of gloves
SInv    .            Z - +2 pair of boots {Fly}
Will    +++..        I - amulet of regeneration
Stlth   +            (ring unavailable)
HPRegen 2.20/turn    (ring unavailable)
MPRegen 0.27/turn

%: rampage
@: death-form, flying, studying 3 skills
A: vile attack, torment immunity, no potions, cold resistance 1, fire resistance
1, off-hand wielding, slow wielding, warmup strikes, no rings
0: Orb of Zot
}: 15/15 runes: serpentine, barnacled, slimy, silver, golden, iron, obsidian,
icy, bone, abyssal, demonic, glowing, magical, fiery, dark
a: Siphon Essence, Begin Untransformation, Renounce Religion


You escaped.
You worshipped Vehumet.
Vehumet was aware of your devotion.
You were an undying horror.
You visited 18 branches of the dungeon, and saw 88 of its levels.
You visited Pandemonium 2 times, and saw 18 of its levels.
You visited the Abyss 2 times.
You visited 1 ziggurat, and saw 10 of its levels.
You also visited: Trove, Gauntlet and Ice Cave.

You collected 8572 gold pieces.
You spent 5440 gold pieces at shops.

Inventory:

Hand Weapons
 i - a +9 eudemon blade of holy wrath {Chujiro}
 r - the +5 dagger of Due Proportion (offhand) {speed, rElec}
   (You took it off a deep elf death mage on level 3 of the Elven Halls)

   rElec:     It insulates you from electricity.
 v - the +1 demon blade "Hisiram" {drain, +Blink rF+ Will+ Str-4}
   (You found it on level 7 of Cocytus)

   Str-4:     It affects your strength (-4).
   rF+:       It protects you from fire.
   Will+:     It increases your willpower.
   +Blink:    It lets you blink.
 E - the +11 Singing Sword (weapon) {sonic wave}
   (You found it on level 6 of the Dungeon)
Missiles
 e - 10 curare-tipped darts (quivered)
Armour
 g - a +2 pair of gloves (worn)
 y - +5 acid dragon scales
 A - +6 fire dragon scales (worn) {Xtahua}
 G - the +1 cloak of Charity (worn) {rN+ Regen+}
   (You bought it in a shop on level 2 of the Orcish Mines)

   rN+:       It protects you from negative energy.
   Regen+:    It increases your rate of health regeneration.
 L - a +3 troll leather armour
 Y - the +0 hat "Jaefig" (worn) {Rampage Str+2 Int+2 Stlth+}
   (You found it in a Gauntlet)

   Str+2:     It affects your strength (+2).
   Int+2:     It affects your intelligence (+2).
   Rampage:   It bestows one free step when moving towards enemies.
   Stlth+:    It makes you more stealthy.
 Z - a +2 pair of boots of flying (worn)
Jewellery
 d - the amulet "Pazod" {Acrobat -Cast Harm Will++ Str-5}
   (You found it in a treasure trove)

   [amulet of the acrobat]

   Acrobat:   It increases your evasion while moving and waiting.
   Str-5:     It affects your strength (-5).
   Will++:    It greatly increases your willpower.
   -Cast:     It prevents spellcasting.
   Harm:      It increases damage dealt and taken.
 I - an amulet of regeneration (around neck)
 N - an amulet of magic regeneration
Talismans
 q - a talisman of death (active)
 K - a granite talisman
Wands
 k - a wand of quicksilver (41)
 m - a wand of mindburst (75)
 w - a wand of paralysis (68)
 R - a wand of roots (29)
 W - a wand of digging (26)
Scrolls
 a - 6 scrolls of poison
 b - 8 scrolls of fear
 c - 2 scrolls of vulnerability
 f - 17 scrolls of teleportation
 j - 9 scrolls of noise
 l - 6 scrolls of fog
 u - 6 scrolls of blinking
 B - 12 scrolls of immolation
 Q - 2 scrolls of silence
 U - 5 scrolls of butterflies
Potions
 h - 19 potions of curing
 n - 2 potions of magic
 s - 8 potions of resistance
 z - 6 potions of cancellation
 D - 18 potions of heal wounds
 F - 4 potions of haste
 H - 8 potions of ambrosia
 O - 5 potions of invisibility
 P - 3 potions of brilliance
 S - 7 potions of might
 T - 5 potions of enlightenment
 V - 2 potions of berserk rage
 X - 9 potions of mutation
Miscellaneous
 t - a lightning rod (4/4)
 x - a condenser vane
 C - a phial of floods
 J - the horn of Geryon
 M - a phantom mirror


   Skills:
 + Level 25.4 Fighting
 - Level 11.2(14.0) Short Blades
 - Level 14.7(16.4) Long Blades
 - Level 1.7 Throwing
 + Level 18.3 Armour
 + Level 25.0 Dodging
 - Level 3.2 Stealth
 O Level 27 Invocations
 - Level 18.3 Evocations
 - Level 23.0 Shapeshifting


You had 25 spell levels left.
You knew the following spells:

 Your Spells              Type           Power      Damage    Failure   Level
a - Apportation           Tloc           0%         N/A       63%         1

Your spell library contained the following spells:

 Spells                   Type           Power      Damage    Failure   Level
 Shock                    Conj/Air       0%         1d3       63%         1
 Foxfire                  Conj/Fire      0%         2x1d4     63%         1
 Freeze                   Ice            0%         1d3       63%         1
 Necrotise                Necr           0%         1d4       63%         1
 Slow                     Hex            0%         N/A       63%         1
 Sting                    Conj/Alch      0%         1d3       63%         1
 Summon Small Mammal      Summ           0%         N/A       63%         1
 Blink                    Tloc           0%         N/A       77%         2
 Call Imp                 Summ           0%         N/A       77%         2
 Cigotuvi's Dreadful Rot  Necr/Alch/Air  0%         N/A       77%         2
 Ensorcelled Hibernation  Hex/Ice        0%         N/A       77%         2
 Jinxbite                 Hex            0%         N/A       77%         2
 Mercury Vapours          Alch/Air       0%         N/A       77%         2
 Scorch                   Fire           0%         2d5       77%         2
 Static Discharge         Conj/Air       0%         3-3/arc   77%         2
 Sublimation of Blood     Necr           0%         N/A       77%         2
 Call Canine Familiar     Summ           0%         N/A       94%         3
 Confusing Touch          Hex            0%         N/A       94%         3
 Frozen Ramparts          Ice            0%         1d1       94%         3
 Gell's Gravitas          Tloc           0%         N/A       94%         3
 Hailstorm                Conj/Ice       0%         3d5       94%         3
 Inner Flame              Hex/Fire       0%         N/A       94%         3
 Mephitic Cloud           Conj/Alch/Air  0%         N/A       94%         3
 Ozocubu's Armour         Ice            0%         N/A       94%         3
 Passwall                 Erth           0%         N/A       94%         3
 Sigil of Binding         Hex            0%         N/A       94%         3
 Stone Arrow              Conj/Erth      0%         3d7       94%         3
 Summon Ice Beast         Ice/Summ       0%         N/A       94%         3
 Swiftness                Air            0%         N/A       94%         3
 Teleport Other           Tloc           0%         N/A       94%         3
 Tukima's Dance           Hex            0%         N/A       94%         3
 Vampiric Draining        Necr           0%         2d6       94%         3
 Airstrike                Air            0%         2d(0-16)  100%        4
 Anguish                  Hex/Necr       0%         N/A       100%        4
 Animate Armour           Summ/Erth      0%         N/A       100%        4
 Animate Dead             Necr           0%         N/A       100%        4
 Brom's Barrelling Bould  Conj/Erth      0%         2d3       100%        4
 Cause Fear               Hex            0%         N/A       100%        4
 Dimensional Bullseye     Hex/Tloc       0%         N/A       100%        4
 Flame Wave               Conj/Fire      0%         2d4       100%        4
 Ignite Poison            Fire/Alch      0%         N/A       100%        4
 Leda's Liquefaction      Alch/Erth      0%         N/A       100%        4
 Manifold Assault         Tloc           0%         N/A       100%        4
 Martyr's Knell           Necr/Summ      0%         N/A       100%        4
 Olgreb's Toxic Radiance  Alch           0%         N/A       100%        4
 Passage of Golubria      Tloc           0%         N/A       100%        4
 Sticky Flame             Fire/Alch      0%         2d4       100%        4
 Summon Blazeheart Golem  Fire/Summ      0%         N/A       100%        4
 Summon Lightning Spire   Summ/Air       0%         N/A       100%        4
 Vhi's Electric Charge    Tloc/Air       0%         N/A       100%        4
 Alistair's Intoxication  Alch           0%         N/A       100%        5
 Borgnjor's Vile Clutch   Necr/Erth      0%         N/A       100%        5
 Curse of Agony           Necr           0%         N/A       100%        5
 Fireball                 Conj/Fire      0%         3d3       100%        5
 Freezing Cloud           Conj/Ice/Air   0%         6-21      100%        5
 Iskenderun's Battlesphe  Conj           0%         2d6       100%        5
 Lee's Rapid Deconstruct  Erth           0%         3d4*      100%        5
 Metabolic Englaciation   Hex/Ice        0%         N/A       100%        5
 Silence                  Hex/Air        0%         N/A       100%        5
 Summon Forest            Summ/Tloc      0%         N/A       100%        5
 Summon Mana Viper        Hex/Summ       0%         N/A       100%        5
 Yara's Violent Unravell  Hex/Alch       0%         3d3       100%        5
 Bombard                  Conj/Erth      0%         9d1       100%        6
 Conjure Ball Lightning   Conj/Air       0%         3x3d6     100%        6
 Death Channel            Necr           0%         N/A       100%        6
 Dispersal                Tloc           0%         N/A       100%        6
 Eringya's Noxious Bog    Alch           0%         4d6       100%        6
 Plasma Beam              Fire/Air       0%         2x1d10    100%        6
 Sculpt Simulacrum        Ice/Alch       0%         N/A       100%        6
 Starburst                Conj/Fire      0%         6d3       100%        6
 Summon Cactus Giant      Summ           0%         N/A       100%        6
 Enfeeble                 Hex            0%         N/A       100%        7
 Haunt                    Necr/Summ      0%         N/A       100%        7
 Malign Gateway           Summ/Tloc      0%         N/A       100%        7
 Orb of Destruction       Conj           0%         9d5       100%        7
 Ozocubu's Refrigeration  Ice            0%         4d7       100%        7
 Spellforged Servitor     Conj/Summ      0%         N/A       100%        7
 Summon Hydra             Summ           0%         N/A       100%        7
 Borgnjor's Revivificati  Necr           0%         N/A       100%        8
 Discord                  Hex            0%         N/A       100%        8
 Disjunction              Tloc           0%         N/A       100%        8
 Ignition                 Fire           0%         3d3       100%        8
 Infestation              Necr           0%         N/A       100%        8
 Lehudib's Crystal Spear  Conj/Erth      0%         10d2      100%        8
 Death's Door             Necr           0%         N/A       100%        9
 Dragon's Call            Summ           0%         N/A       100%        9
 Polar Vortex             Ice            0%         N/A       100%        9


Dungeon Overview and Level Annotations

Branches:
Dungeon (15/15)            Temple (1/1) D:7            Lair (5/5) D:11
 Shoals (4/4) Lair:2        Snake (4/4) Lair:2        Slime (5/5) Lair:5
    Orc (2/2) D:12            Elf (3/3) Orc:2        Vaults (5/5) D:14
  Crypt (3/3) Vaults:2       Tomb (3/3) Crypt:3      Depths (4/4) D:15
   Hell (visited)             Dis (7/7) Hell            Geh (7/7) Hell
    Coc (7/7) Hell            Tar (7/7) Hell            Zot (5/5) Depths:4
  IceCv (visited)         Gauntlet (visited)

Altars:
Ashenzari
Cheibriados
Dithmenos
Elyvilon
Fedhas
Gozag
Hepliaklqana
Kikubaaqudgha
Makhleb
Nemelex Xobeh
Okawaru
Qazlal
Ru
Sif Muna
Trog
Uskayaw
Vehumet
Wu Jian
Xom
Yredelemnul
Zin
The Shining One
Jiyva

Shops:
D:5 ?   Orc:1 !   Orc:2 ![(?=*!*   Elf:1 (   Elf:2 *   Elf:3 (   Shoals:4 (
Snake:1 [   Vaults:3 :   Vaults:4 =?[(   Depths:1 *

Portals:
Hell: Depths:1 Depths:2
Abyss: Depths:1 Depths:2
Pandemonium: Orc:2 Depths:2

Annotations:
D:2 1 runed translucent door, Crazy Yiuf
D:5 3 runed translucent doors, dogverified's ghost, amateur DrCj
D:8 2 transporters, CougarLife's ghost, novice GrEE
D:11 1 runed translucent door
Lair:2 2 transporters, zewo's ghost, journeyman DrAE
Lair:3 exclusion: oklob plant
Orc:1 2 transporters, Zumaxt's ghost, adept DjMo
Elf:1 1 runed translucent door
Tomb:3 Boris
Depths:1 2 transporters
Zot:5 3 runed translucent doors, exclusion: 2 upstairs, Feng's ghost, veteran OnBe


Innate Abilities, Weirdness & Mutations

You are an undying horror.
Your melee and unarmed attacks drain, slow and weaken victims.
You are immune to unholy pain and torment.
You cannot drink.
You are immune to poison.
Your flesh is cold resistant. (rC+)
Your flesh is heat resistant. (rF+)
You can wield a second weapon in your off-hand.
It takes a long time for you to wield or remove held weapons.
Your first few attacks do less damage.
Your grasper-arms cannot wear rings.


Message History

You rampage towards the hell beast!
You hit the hell beast with the +5 dagger of Due Proportion.
The hell beast decays.
The hell beast is lightly wounded.
You miss the hell beast with the +11 Singing Sword.
You closely miss the hell beast with the +5 dagger of Due Proportion.
The hell beast is lightly wounded.
You slice the hell beast with the +11 Singing Sword!!
The hell beast decays.
The hell beast misses you. x2
You slice the hell beast with the +11 Singing Sword!!
The hell beast decays.
The hell beast is severely wounded.
You hit the hell beast with the +5 dagger of Due Proportion.
The hell beast decays.
You slash the hell beast with the +11 Singing Sword!
The hell beast decays.
The hell beast is almost dead.
You miss the hell beast with the +5 dagger of Due Proportion.
The hell beast completely misses you. The hell beast closely misses you.
You barely miss the hell beast with the +11 Singing Sword.
The hell beast is almost dead.
You miss the hell beast with the +5 dagger of Due Proportion.
You hit the hell beast but do no damage.
The dagger of Due Proportion trains the chromatic scales.
You send a blast of sound all around you.
You kill the hell beast!
Vehumet accepts your kill.
You can now gain magical power from killing.
Vehumet offers you knowledge of Shock.
Items here: ))) [[[.
The green death roars! 2 glowing orange brains and a lich come into view.
The glowing orange brain moves out of view. x2
The lich moves out of view.
There is an open door here.
Items here: )) [[ ÷÷.
Things that are here:
a +1 flail of flaming; a +0 shortbow; a +0 robe
There is a staircase leading out of the dungeon here.
You have escaped!

####### #.....#
#..z..# #...).#
#.###.# #.#2#.# ####
#.###)# ########...
#.....####......#...
#.....#.........'...
#.....#.##GL....#...
###'###..G.)..###...


You could see a green death.

Vanquished Creatures
  Cerebov (Pan)
  Asmodeus (Geh:7)
  Antaeus (Coc:7)
  the Royal Jelly (Slime:5)
  Mnoleg (Pan)
  Ereshkigal (Tar:7)
  Gloorx Vloq (Pan)
  the Serpent of Hell (Tar:7)
  5 dread liches
  Frederick (Crypt:3)
  Dispater (Dis:7)
  4 ancient liches
  Mennas (Pan)
  Mara (Depths:1)
  2 juggernauts
  4 orbs of fire
  Xtahua (Vaults:3)
  22 royal mummies
  9 Killer Klowns
  Saint Roka (Depths:1)
  A curse toe (Zot:1)
  23 caustic shrikes
  Nikola (Shoals:4)
  5 profane servitors
  7 golden dragons
  Geryon (Hell)
  19 bone dragons
  16 doom hounds
  14 Tzitzimimeh
  4 electric golems
  13 Brimstone Fiends
  4 iron giants (Dis:7)
  Jorgrun (Shoals:1)
  16 tentacled monstrosities
  12 Ice Fiends
  Rupert (Lair:3)
  7 liches
  10 hellephants
  10 tainted leviathans
  6 pandemonium lords
  15 Hell Sentinels
  5 deep elf blademasters
  Mlioglotl (Shoals:1)
  7 titans
  26 Orb Guardians
  6 quicksilver dragons
  2 krakens
  18 searing wretches
  8 sphinxes
  23 acid blobs
  15 Executioners (Pan)
  17 ancient champions
  10 death cobs
  Gastronok (Lair:3)
  4 tengu reavers
  13 storm dragons
  Kirke (Lair:4)
  19 azure jellies
  9 shadow dragons
  12 draconian monks
  11 narguns
  6 demonspawn warmongers (Pan)
  10 rockslimes
  3 fenstrider witches
  7 protean progenitors
  18 fire giants
  7 frost giants
  11 nagarajas
  13 deep elf sorcerers
  7 draconian shifters
  20 vault wardens
  3 iron dragons
  7 deep elf elementalists (Elf:3)
  3 quicksilver elementals
  7 draconian stormcallers
  6 draconian scorchers
  39 balrugs
  5 draconian knights
  10 ghost moths
  3 orc warlords
  4 shard shrike simulacra
  5 ghouls
  7 draconian annihilators
  18 reapers
  A spectral caustic shrike (Tar:4)
  4 curse skulls
  2 spriggan defenders (Depths:2)
  11 demonspawn corrupters
  12 cacodemons
  24 ironbound preservers
  6 quicksilver oozes (Slime:5)
  3 caustic shrike skeletons
  5 demonspawn blood saints
  5 ironbound thunderhulks
  An ophan (Abyss:3)
  14 very ugly things
  20 stone giants
  A broodmother (Zig:7)
  6 demonspawn black suns (Pan)
  7 formless jellyfish
  9 green draconians
  10 deep elf demonologists
  7 putrid mouths
  19 elemental wellsprings
  3 vampire knights
  2 eleionomae (Zig:6)
  8 purple draconians
  19 war gargoyles
  14 deep elf annihilators
  8 bennus
  2 lorocyprocas
  7 deep elf death magi
  16 red draconians
  5 black draconians
  6 dire elephants
  14 yellow draconians
  7 wendigos
  7 spark wasps
  7 eidola
  2 minotaurs
  9 white draconians
  9 green deaths
  6 merfolk impalers (Shoals:4)
  13 ettins
  5 iron golems
  A jiangshi (Crypt:2)
  3 merfolk javelineers (Shoals:4)
  9 mummy priests
  11 blizzard demons
  5 deep elf high priests
  A spectral spriggan (Tar:5)
  5 great orbs of eyes
  10 fire dragons
  7 rakshasas
  7 entropy weavers
  11 yaktaur captains
  4 spriggan zombies
  7 salamander tyrants
  34 vault guards
  5 hell beasts
  6 ice dragons
  7 anacondas
  4 juggernaut simulacra
  6 jorogumos
  A peacekeeper (Vaults:4)
  A ghost crab (Crypt:3)
  5 caustic shrike simulacra
  An ogre mage (Vaults:1)
  7 spriggan air magi
  A sphinx zombie (Vaults:4)
  2 demonspawn (Orc:2)
  4 boulder beetles
  A death knight (Crypt:2)
  2 hydras
  2 alligators
  2 merfolk avatars
  2 catoblepae
  3 two-headed ogres
  10 ironbound frosthearts
  10 naga warriors
  31 dancing weapons
  5 stokers
  13 centaur warriors
  3 satyrs
  6 merfolk aquamancers
  71 death scarabs
  35 hell hogs
  7 tengu warriors
  A demonic crawler (Pan)
  10 death yaks
  7 naga sharpshooters
  2 titan zombies
  A storm dragon zombie (Vaults:4)
  2 occultists (Depths:1)
  5 deep troll shamans
  5 deep troll earth magi
  A vampire mage (Depths:2)
  3 thrashing horrors (Abyss:3)
  A spectral dire elephant (Tar:2)
  9 orc high priests
  2 spriggan berserkers
  20 hell knights
  7 shock serpents
  3 spectral emperor scorpions (Pan)
  17 deep elf knights
  4 iron trolls
  62 sun demons
  A hellephant skeleton (Pan)
  17 soul eaters
  17 shadow wraiths
  A spatial maelstrom (Abyss:3)
  A titan skeleton (Vaults:3)
  31 skeletal warriors
  5 crystal echidnas
  7 skysharks
  18 sixfirhies
  A spectral anaconda (Tar:5)
  A wretched star (Abyss:3)
  9 mana vipers
  A sea snake (shapeshifter) (Zig:5)
  2 pharaoh ants (Zig:7)
  2 salamander mystics
  An orb spider (Zig:7)
  18 large abominations
  2 quicksilver dragon simulacra
  3 goliath frogs
  A swamp dragon (Zig:6)
  A bog body (Crypt:1)
  14 sea snakes
  9 glowing orange brains
  9 sun moths (Pan)
  8 arcanists
  3 flayed ghosts
  16 shadow demons
  48 deep trolls
  15 ironbound convokers
  A shadow dragon zombie (Vaults:3)
  2 cherubim (D:1)
  7 naga ritualists
  5 spriggan simulacra
  4 harpies
  A steelbarb worm (shapeshifter) (Zig:5)
  A bunyip skeleton (Tomb:1)
  10 lindwurms
  A harpy (shapeshifter) (D:15)
  An anaconda skeleton (Tomb:3)
  11 necromancers
  A fenstrider witch simulacrum (Crypt:2)
  An orange crystal statue (D:11)
  16 deep elf archers
  2 frost giant zombies
  6 phantasmal warriors
  An iron dragon zombie (Hell)
  A fire giant zombie (Hell)
  34 deep elf pyromancers
  26 ugly things
  14 fauns
  A will-o-the-wisp (Zig:6)
  6 orc sorcerers
  26 deep elf zephyrmancers
  3 cyclopes
  19 orc knights
  2 alligator zombies (Hell)
  2 wolf spiders
  A worldbinder (Abyss:3)
  An alligator skeleton (Crypt:1)
  8 manticores
  A faun (shapeshifter) (Vaults:1)
  10 moths of wrath
  A goliath frog skeleton (Crypt:1)
  5 draconians (Abyss:4)
  2 manticores (shapeshifter)
  2 stone giant zombies (Hell)
  4 shining eyes
  A kobold blastminer (Orc:2)
  A cyclops (shapeshifter) (Zig:5)
  A moth of wrath (shapeshifter) (Depths:2)
  4 eyes of devastation
  A toenail golem (D:9)
  15 salamanders
  3 meliai (D:13)
  5 merfolk sirens
  9 rust devils
  An apocalypse crab (Abyss:4)
  A guardian serpent (shapeshifter) (Vaults:5)
  6 guardian serpents
  A titan simulacrum (Coc:4)
  A centaur zombie (Crypt:3)
  4 ice statues
  27 elephants
  6 water nymphs
  A frost giant skeleton (Vaults:2)
  7 naga magi
  17 vault sentinels
  4 molten gargoyles (Hell)
  4 torpor snails
  37 black mambas
  10 orange demons
  A stone giant skeleton (Vaults:2)
  9 gargoyles
  34 smoke demons
  28 yaktaurs
  A kobold demonologist (D:11)
  7 freezing wraiths
  An unseen horror (shapeshifter) (Elf:2)
  4 unseen horrors
  12 cane toads
  A yaktaur zombie (Vaults:4)
  16 hellions
  7 komodo dragons
  3 bunyip simulacra (Coc:1)
  6 rime drakes
  10 tormentors
  An ice devil (Pan)
  2 sea snake zombies (Hell)
  5 anaconda simulacra
  A minotaur zombie (Crypt:2)
  An iron giant simulacrum (Coc:4)
  An alligator snapping turtle skeleton (Crypt:3)
  2 spectral harpies
  13 efreet
  2 hydra zombies (Hell)
  A yellow draconian skeleton (Crypt:2)
  An ancient zyme (Abyss:3)
  A sea snake skeleton (Hell)
  A polar bear (shapeshifter) (D:14)
  9 wind drakes
  3 golden dragon simulacra
  A yaktaur skeleton (Vaults:2)
  A harpy zombie (Tomb:3)
  10 red devils
  4 tengu conjurers
  A white draconian skeleton (Crypt:2)
  9 guardian mummies
  A merfolk (shapeshifter) (Zig:5)
  17 merfolk
  A hornet (D:9)
  2 polar bears
  An alligator simulacrum (Hell)
  7 trolls
  A hydra skeleton (Crypt:2)
  14 blink frogs
  2 harpy skeletons
  22 hellwings
  A raiju (Abyss:4)
  A tarantella (Vaults:3)
  3 ettin zombies (Hell)
  A glass eye (shapeshifter) (Depths:1)
  A stone giant simulacrum (Coc:4)
  5 glass eyes
  7 snapping turtles
  5 dream sheep
  6 human skeletons
  76 slime creatures
  A centaur simulacrum (Crypt:1)
  A guardian serpent skeleton (Crypt:1)
  A culicivora (Vaults:3)
  A deep troll skeleton (Vaults:4)
  An air elemental (Elf:2)
  A culicivora (shapeshifter) (Depths:2)
  4 dire elephant simulacra (Coc:4)
  A black mamba zombie (Crypt:1)
  4 wraiths
  11 shadows
  3 fire dragon skeletons
  3 naga simulacra
  10 ushabtiu
  3 jumping spiders
  9 ynoxinuls
  A fire elemental (Elf:1)
  12 small abominations
  5 wyverns
  6 hogs (Lair:4)
  17 water elementals
  A basilisk (shapeshifter) (D:14)
  13 yaks
  8 vampire mosquitoes
  An ettin skeleton (Vaults:2)
  8 wargs
  A golden eye (Slime:5)
  4 basilisks
  13 neqoxecs
  An alligator snapping turtle simulacrum (Tomb:1)
  2 elf skeletons
  12 redbacks
  Menkaure (D:4)
  35 nagas
  A wind drake skeleton (Crypt:1)
  9 harpy simulacra
  6 spatial vortices (Abyss:3)
  15 chaos spawn
  2 hydra simulacra (Hell)
  7 hell hounds
  2 acid dragons (D:14)
  A naga skeleton (Tomb:3)
  19 water moccasins
  36 orc warriors
  3 ettin simulacra
  A black bear (D:6)
  5 ice beasts
  3 human zombies
  11 laughing skulls
  17 wolves
  A blink frog zombie (Crypt:2)
  7 ogres
  4 sky beasts
  5 centaurs
  2 phantoms
  2 weeping skulls (Abyss:3)
  10 bullfrogs
  3 kobold brigands
  2 gnoll sergeants
  6 scorpions
  4 earth elementals
  5 wights (D:8)
  25 killer bees
  7 howler monkeys
  2 electric eels (Lair:1)
  5 lava snakes (Lair:1)
  A bombardier beetle (D:4)
  3 jellies
  A quasit (Abyss:3)
  3 hounds
  27 orc priests
  2 sleepcaps
  5 iguanas
  Ijyb (D:5)
  14 orc wizards
  Natasha (thrice) (D:4)
  24 mummies
  Robin (D:1)
  6 gnolls
  6 adders
  A shadow imp (D:6)
  15 white imps
  2 ufetubi (Abyss:3)
  2 dart slugs
  59 orcs
  10 bats
  A bat skeleton (Crypt:1)
  6 endoplasms
  7 goblins
  4 hobgoblins (D:2)
  7 jackals
  5 quokkas
  4 ball pythons
  7 frilled lizards
  A goblin zombie (Crypt:2)
  19 kobolds
  A kobold skeleton (Crypt:2)
  9 rats
  9 aspiring fleshes
  5 creeping infernos
  7 fire vortices
  A lurking horror (Abyss:3)
  11 tentacles
3305 creatures vanquished.

Vanquished Creatures (others)
  An Ice Fiend (Coc:6)
  A fenstrider witch (Pan)
  A draconian annihilator (Pan)
  A great orb of eyes (Vaults:4)
  A salamander tyrant (Depths:1)
  A naga sharpshooter (Snake:4)
  A deep elf knight (Elf:2)
  A shadow demon (Pan)
  A spriggan simulacrum (Coc:2)
  A moth of wrath (Zot:3)
  A guardian serpent (Snake:3)
  A tormentor (Geh:5)
  2 harpy simulacra
  An ettin simulacrum (Coc:2)
  5 ball lightnings (Pan)
  A creeping inferno (Geh:5)
  2 foxfires (Zig:6)
  11 tentacles
34 creatures vanquished.

Grand Total: 3339 creatures vanquished

Notes
Turn   | Place    | Note
-------+----------+-------------------------------------------
     0 | D:1      | bakla the Coglin Brigand began the quest for the Orb.
     0 | D:1      | Reached XP level 1. HP: 16/16 MP: 1/1
   136 | D:1      | Reached XP level 2. HP: 22/22 MP: 2/2
   310 | D:1      | Found a faded altar of an unknown god.
   438 | D:1      | Reached XP level 3. HP: 28/28 MP: 3/3
  1200 | D:2      | Noticed Robin
  1300 | D:1      | Killed Robin
  1753 | D:2      | Found a runed translucent door.
  1754 | D:2      | Noticed Crazy Yiuf
  2029 | D:3      | Reached XP level 4. HP: 34/34 MP: 4/4
  2115 | D:3      | Found an opulent altar of Gozag.
  2643 | D:4      | Found an iron altar of Okawaru.
  2643 | D:4      | Found a shimmering altar of Xom.
  2724 | D:4      | Reached skill level 1 in Evocations
  2724 | D:4      | Reached XP level 5. HP: 20/41 MP: 5/5
  2725 | D:4      | Noticed an ogre
  2772 | D:4      | Killed an ogre
  2836 | D:4      | Reached XP level 6. HP: 48/48 MP: 6/6
  2837 | D:4      | Found a white marble altar of Elyvilon.
  2887 | D:4      | Noticed Natasha
  2889 | D:4      | Noticed Menkaure
  2891 | D:4      | Killed Natasha
  2894 | D:4      | Killed Menkaure
  2895 | D:4      | Reached skill level 5 in Short Blades
  2936 | D:4      | Reached XP level 7. HP: 54/54 MP: 7/7
  2946 | D:4      | Identified the +0 short sword of Gioleose {venom, Str+4
                  | Dex+3}
  3138 | D:4      | Noticed Natasha
  3147 | D:4      | Killed Natasha
  3191 | D:4      | Found a shadowy altar of Dithmenos.
  3202 | D:4      | Noticed Natasha
  3212 | D:4      | Killed Natasha
  3276 | D:4      | Found a burning altar of Makhleb.
  3347 | D:5      | Entered Level 5 of the Dungeon
  3417 | D:5      | Noticed Ijyb
  3434 | D:5      | Killed Ijyb
  3435 | D:5      | Reached XP level 8. HP: 45/61 MP: 8/8
  3601 | D:5      | Found a glowing golden altar of the Shining One.
  3665 | D:5      | Found a broken altar of Ashenzari.
  3685 | D:5      | Found a basalt altar of Yredelemnul.
  3867 | D:5      | Found The Oracle's Delphic Readings.
  3871 | D:5      | Bought a scroll of teleportation for 33 gold pieces
  3871 | D:5      | Bought a scroll of teleportation for 33 gold pieces
  3871 | D:5      | Bought a scroll of enchant armour for 82 gold pieces
  3871 | D:5      | Bought a scroll of identify for 22 gold pieces
  3885 | D:5      | Reached skill level 5 in Fighting
  3885 | D:5      | Reached skill level 5 in Evocations
  4200 | D:5      | Found a runed translucent gate.
  4200 | D:5      | Found a runed translucent gate.
  4200 | D:5      | Found a runed translucent gate.
  4203 | D:5      | Noticed dogverified's ghost (amateur DrCj)
  4536 | D:6      | Found a sacrificial altar of Ru.
  4806 | D:6      | Found a bloodstained altar of Trog.
  5101 | D:6      | Reached XP level 9. HP: 69/69 MP: 9/9
  5113 | D:6      | Found the +11 Singing Sword {sonic wave}
  5599 | D:7      | Reached skill level 1 in Long Blades
  6029 | D:7      | Found a staircase to the Ecumenical Temple.
  6049 | Temple   | Entered the Ecumenical Temple
  6060 | Temple   | Became a worshipper of the Wu Jian Council
  6517 | D:7      | You fall into a shaft and drop 1 floor!
  6822 | D:8      | Found a transporter.
  6822 | D:8      | Found a transporter.
  6828 | D:8      | Noticed a moth of wrath
  6830 | D:8      | Found a bloodstained altar of Trog.
  6830 | D:8      | Noticed CougarLife's ghost (novice GrEE)
  6830 | D:8      | Noticed a two-headed ogre
  6994 | D:8      | Found a hazy altar of Hepliaklqana.
  7013 | D:8      | Found a blossoming altar of Fedhas.
  7036 | D:8      | Reached XP level 10. HP: 79/79 MP: 10/10
  7484 | D:9      | Paralysed by a hornet for 1 turns
  7653 | D:9      | Noticed a two-headed ogre
  7659 | D:9      | Killed a two-headed ogre
  7660 | D:9      | Reached skill level 5 in Long Blades
  8010 | D:9      | Reached * piety under Wu Jian
  8045 | D:9      | Found a snail-covered altar of Cheibriados.
  8045 | D:9      | Noticed a torpor snail
  8045 | D:9      | Noticed a torpor snail
  8047 | D:9      | Noticed a torpor snail
  8286 | D:9      | Noticed a two-headed ogre
  8292 | D:9      | Killed a two-headed ogre
  8677 | D:10     | Entered Level 10 of the Dungeon
  8765 | D:10     | Noticed a two-headed ogre
  8770 | D:10     | Killed a two-headed ogre
  8771 | D:10     | Reached XP level 11. HP: 71/90 MP: 11/11
  8786 | D:10     | Reached skill level 10 in Fighting
  8897 | D:10     | Found an ancient bone altar of Kikubaaqudgha.
  9474 | D:11     | Found a frozen archway.
  9482 | D:11     | Reached ** piety under Wu Jian
  9492 | IceCv    | Entered an ice cave
  9587 | D:11     | Noticed a cyclops
  9596 | D:11     | Found a runed translucent door.
  9598 | D:11     | Killed a cyclops
  9637 | D:11     | Found a runed translucent door.
  9653 | D:11     | Found a runed translucent door.
  9719 | D:11     | Found a runed translucent door.
  9725 | D:11     | Noticed an orange crystal statue
 10037 | D:11     | Found a staircase to the Lair.
 10395 | D:12     | Noticed a cyclops
 10400 | D:12     | Noticed a deep elf pyromancer
 10403 | D:12     | Killed a cyclops
 10404 | D:12     | Killed a deep elf pyromancer
 10407 | D:12     | Noticed a deep elf pyromancer
 10410 | D:12     | Reached skill level 10 in Long Blades
 10414 | D:12     | Killed a deep elf pyromancer
 10415 | D:12     | Reached XP level 12. HP: 74/102 MP: 12/12
 10437 | D:12     | Reached *** piety under Wu Jian
 10815 | D:12     | Found a staircase to the Orcish Mines.
 10984 | Lair:1   | Entered Level 1 of the Lair of Beasts
 11399 | Lair:1   | Reached skill level 1 in Dodging
 11399 | Lair:1   | Found a stormy altar of Qazlal.
 11812 | Lair:2   | Identified the +2 halberd of Xeklun {heavy, Dex+6}
 12059 | Lair:2   | Found a staircase to the Shoals.
 12088 | Lair:2   | Found a transporter.
 12093 | Lair:2   | Noticed zewo's ghost (journeyman DrAE)
 12094 | Lair:2   | Noticed a four-headed hydra
 12094 | Lair:2   | Noticed a death yak
 12196 | Lair:2   | Found a staircase to the Snake Pit.
 12246 | Lair:2   | Reached **** piety under Wu Jian
 12301 | Lair:2   | Found a transporter.
 12590 | Lair:3   | Noticed Gastronok
 12598 | Lair:3   | Killed Gastronok
 12689 | Lair:3   | Noticed a skyshark
 12698 | Lair:3   | Killed a skyshark
 12706 | Lair:3   | Gained mutation: Your flesh is cold resistant. (rC+)
                  | [Coglin growth]
 12706 | Lair:3   | Gained mutation: Your flesh is heat resistant. (rF+)
                  | [Coglin growth]
 12706 | Lair:3   | Reached XP level 13. HP: 99/111 MP: 13/13
 13030 | Lair:3   | Noticed Rupert
 13781 | Lair:4   | Reached skill level 5 in Dodging
 14139 | Lair:4   | Noticed Kirke
 14144 | Lair:4   | Killed Kirke
 14562 | Lair:5   | Entered Level 5 of the Lair of Beasts
 14601 | Lair:5   | Reached XP level 14. HP: 85/121 MP: 14/14
 14619 | Lair:5   | Found a gate leading to a gauntlet.
 14634 | Gauntlet | Entered a Gauntlet
 14634 | Gauntlet | Found a transporter.
 14668 | Gauntlet | Found a transporter.
 14681 | Gauntlet | Found a transporter.
 14685 | Gauntlet | Found a transporter.
 14697 | Gauntlet | Found a transporter.
 14715 | Gauntlet | Found a transporter.
 14727 | Gauntlet | Noticed a dire elephant
 14728 | Gauntlet | Found a transporter.
 14748 | Gauntlet | Found a transporter.
 14752 | Gauntlet | Found a transporter.
 14760 | Gauntlet | Found a transporter.
 14782 | Gauntlet | Found a transporter.
 14784 | Gauntlet | Found a transporter.
 14903 | Gauntlet | Identified the +0 hat "Jaefig" {Rampage Str+2 Int+2 Stlth+}
 14931 | Gauntlet | Reached ***** piety under Wu Jian
 14989 | Gauntlet | Identified the +1 great mace "Atocsarch" {holy, Int+2
                  | Stlth+}
 15120 | Lair:5   | Reached skill level 15 in Fighting
 15354 | Lair:5   | Found a staircase to the Slime Pits.
 15355 | Lair:5   | Found a viscous altar of Jiyva.
 16158 | D:13     | Reached skill level 10 in Evocations
 16379 | D:13     | Reached XP level 15. HP: 103/129 MP: 15/15
 17078 | D:14     | Identified the +7 war axe of Belifal {drain, Str+4}
 17159 | D:14     | Learned a level 1 spell: Apportation
 17189 | D:14     | Found a gate to the Vaults.
 17463 | D:15     | Entered Level 15 of the Dungeon
 17588 | D:15     | Reached skill level 10 in Dodging
 17715 | D:15     | Found a staircase to the Depths.
 17752 | D:15     | Found an ornate altar of the Wu Jian Council.
 17822 | D:15     | Reached ****** piety under Wu Jian
 17918 | D:15     | Identified a scroll of acquirement
 17993 | D:15     | Acquired 349 gold pieces
 18546 | D:5      | Bought a scroll of enchant armour for 82 gold pieces
 18546 | D:5      | Bought a scroll of butterflies for 44 gold pieces
 18938 | Orc:1    | Entered Level 1 of the Orcish Mines
 19028 | Orc:1    | Found Jaraid's Distillery.
 19031 | Orc:1    | Bought a potion of curing for 30 gold pieces
 19031 | Orc:1    | Bought a potion of might for 40 gold pieces
 19031 | Orc:1    | Bought a potion of cancellation for 80 gold pieces
 19031 | Orc:1    | Bought a potion of heal wounds for 50 gold pieces
 19105 | Orc:1    | Found a transporter.
 19121 | Orc:1    | Noticed Zumaxt's ghost (adept DjMo)
 19139 | Orc:1    | Found a transporter.
 19373 | Orc:2    | Entered Level 2 of the Orcish Mines
 19373 | Orc:2    | Found Vuoryll's Distillery.
 19375 | Orc:2    | Found a staircase to the Elven Halls.
 19382 | Orc:2    | Found Xiteg's General Store.
 19422 | Orc:2    | Found Jimaghal's General Store.
 19423 | Orc:2    | Found Veluk's Magic Scroll Boutique.
 19445 | Orc:2    | Reached XP level 16. HP: 141/141 MP: 16/16
 19513 | Orc:2    | Found Onivis's Jewellery Emporium.
 19513 | Orc:2    | Found Juwn's Antique Weapon Shoppe.
 19515 | Orc:2    | Found a one-way gate leading to the halls of Pandemonium.
 19524 | Orc:2    | Bought an amulet of regeneration for 480 gold pieces
 19567 | Orc:2    | Bought a scroll of blinking for 135 gold pieces
 19567 | Orc:2    | Bought a scroll of blinking for 135 gold pieces
 19567 | Orc:2    | Bought a scroll of enchant weapon for 135 gold pieces
 19567 | Orc:2    | Bought a scroll of identify for 36 gold pieces
 19567 | Orc:2    | Bought a scroll of identify for 36 gold pieces
 19606 | Orc:2    | Found Sereasah's Distillery.
 19625 | Orc:2    | Bought a potion of enlightenment for 90 gold pieces
 19625 | Orc:2    | Bought a potion of enlightenment for 90 gold pieces
 19625 | Orc:2    | Bought a potion of haste for 180 gold pieces
 19625 | Orc:2    | Bought a potion of curing for 54 gold pieces
 19625 | Orc:2    | Bought a potion of curing for 54 gold pieces
 19625 | Orc:2    | Bought a potion of resistance for 180 gold pieces
 19625 | Orc:2    | Bought a potion of curing for 54 gold pieces
 19625 | Orc:2    | Bought 2 potions of invisibility for 288 gold pieces
 19658 | Orc:2    | Found Girroana's Armour Emporium.
 19974 | Orc:2    | Bought the +1 cloak of Charity {rN+ Regen+} for 289 gold
                  | pieces
 20177 | Shoals:1 | Entered Level 1 of the Shoals
 20286 | Shoals:1 | Noticed Mlioglotl
 20289 | Shoals:1 | Killed Mlioglotl
 20296 | Shoals:1 | Noticed Jorgrun
 20304 | Shoals:1 | Killed Jorgrun
 21026 | Shoals:2 | Identified the +1 leather armour of Erepilo {Rampage Will-
                  | Slay+6 Stlth+}
 21216 | Shoals:2 | Identified the +2 leather armour of the Furies {rC+}
 21965 | Shoals:3 | Noticed a kraken
 21984 | Shoals:3 | Killed a kraken
 22191 | Shoals:4 | Entered Level 4 of the Shoals
 22191 | Shoals:4 | Found Vokolil's Antique Weapon Shoppe.
 22195 | Shoals:4 | Noticed a kraken
 22203 | Shoals:4 | Killed a kraken
 22222 | Shoals:4 | Noticed Nikola
 22234 | Shoals:4 | Killed Nikola
 22248 | Shoals:4 | Reached XP level 17. HP: 136/151 MP: 17/17
 22259 | Shoals:4 | Got a barnacled rune of Zot
 22390 | Shoals:4 | Identified the +3 hand axe "Curhif" {freeze, Str+2 Dex+3}
 22542 | Shoals:4 | Found the ring of Shadows {Umbra +Inv Stlth+}
 23245 | Elf:1    | Entered Level 1 of the Elven Halls
 23245 | Elf:1    | Found a runed translucent gate.
 23245 | Elf:1    | Found a runed translucent gate.
 23245 | Elf:1    | Found a runed translucent gate.
 23245 | Elf:1    | Found a runed translucent gate.
 23245 | Elf:1    | Found a runed translucent gate.
 23245 | Elf:1    | Found a runed translucent gate.
 23246 | Elf:1    | Found a runed translucent door.
 23249 | Elf:1    | Reached skill level 10 in Short Blades
 23260 | Elf:1    | Found a runed translucent door.
 23444 | Elf:1    | Got the Book of Mutual Blasts
 23683 | Elf:1    | Found Zelu's Weapon Shop.
 24278 | Elf:2    | Reached XP level 18. HP: 92/162 MP: 18/18
 24387 | Elf:2    | Found Awutant's Assorted Antiques.
 24401 | Elf:2    | Bought a fizzy cyan potion for 30 gold pieces
 24401 | Elf:2    | Bought a potion of might for 136 gold pieces
 24452 | Elf:2    | Found a runed translucent gate.
 24453 | Elf:2    | Found a runed translucent gate.
 24453 | Elf:2    | Found a runed translucent gate.
 24602 | Elf:2    | Reached skill level 15 in Dodging
 24924 | Elf:2    | Noticed a deep elf blademaster
 24933 | Elf:2    | Killed a deep elf blademaster
 25234 | Elf:3    | Entered Level 3 of the Elven Halls
 25396 | Elf:3    | Found Udoirer's Weapon Emporium.
 25982 | Elf:3    | Noticed a deep elf blademaster
 25982 | Elf:3    | Noticed a deep elf blademaster
 25983 | Elf:3    | Killed a deep elf blademaster
 25984 | Elf:3    | Killed a deep elf blademaster
 25993 | Elf:3    | Noticed a deep elf blademaster
 25996 | Elf:3    | Reached XP level 19. HP: 112/169 MP: 19/19
 25997 | Abyss:3  | Cast into level 3 of the Abyss (a deep elf demonologist)
 26025 | Abyss:3  | Found a corrupted altar of Lugonu.
 26027 | Abyss:3  | Found a corrupted altar of Lugonu.
 26087 | Elf:3    | Escaped the Abyss
 26143 | Elf:3    | Identified the +8 arbalest of Defence by Offence {drain,
                  | +Blink rF+ Str+3}
 26143 | Elf:3    | Identified the ring "Xeugokku" {rC- rN++ Will+ Str+6 Dex+2}
 26167 | Elf:3    | Identified the ring of Kegeu {rF+ rC++ rCorr}
 26168 | Elf:3    | Identified the +5 dagger of Due Proportion {speed, rElec}
 26168 | Elf:3    | Found the ring of the Octopus King {rC+ HP+2 AC+2 EV+2
                  | SH+2}
 26207 | Elf:3    | Got Kogiraer's Vellum of Snowy Curses
 26208 | Elf:3    | Identified the +3 scale mail "Amirrato" {-Tele rElec SInv}
 26209 | Elf:3    | Identified the +4 ring mail of Kikubaaqudgha's Regard
                  | {Str+4}
 26259 | Elf:3    | Got the Discourse on Sidekicks and Accelerants
 26267 | Elf:3    | Identified the +3 scale mail of the Shining One {rC+++}
 26685 | Vaults:1 | Entered Level 1 of the Vaults
 27296 | Vaults:1 | Reached skill level 1 in Shapeshifting
 27409 | Vaults:1 | Reached XP level 20. HP: 140/176 MP: 20/20
 27762 | Vaults:2 | Reached skill level 5 in Shapeshifting
 27834 | Vaults:2 | Found a staircase to the Crypt.
 27908 | Vaults:2 | Paralysed by a formless jellyfish for 1 turns
 28099 | Vaults:2 | Found a portal to a secret trove of treasure.
 28732 | Vaults:3 | Reached skill level 10 in Shapeshifting
 28771 | Vaults:3 | Found Huagonn's Book Shop.
 28779 | Vaults:3 | Bought a manual of Armour for 1440 gold pieces
 28791 | Vaults:3 | Reached skill level 1 in Armour
 29048 | Vaults:3 | Reached XP level 21. HP: 182/183 MP: 21/21
 29070 | Vaults:3 | Reached skill level 5 in Armour
 29203 | Vaults:3 | Noticed Xtahua
 29214 | Vaults:3 | Killed Xtahua
 30037 | Vaults:4 | Found Giejing's Antique Armour Shoppe.
 30053 | Vaults:4 | Bought a pair of glowing gloves for 330 gold pieces
 30441 | Vaults:4 | Found Duimn's Magic Scroll Shop.
 30447 | Vaults:4 | Bought a scroll of blinking for 90 gold pieces
 30447 | Vaults:4 | Bought a scroll of blinking for 90 gold pieces
 30454 | Vaults:4 | Found Rointups's Jewellery Shoppe.
 30572 | Vaults:4 | Found Hiagh's Weapon Emporium.
 30895 | Vaults:5 | Entered Level 5 of the Vaults
 30899 | Vaults:5 | Reached skill level 10 in Armour
 30908 | Vaults:5 | Noticed an ancient lich
 30911 | Vaults:5 | Killed an ancient lich
 30927 | Vaults:5 | Reached XP level 22. HP: 150/190 MP: 22/22
 31218 | Vaults:5 | Found the +5 Lochaber axe {reach-cleave, Poleaxe ^Drain}
 31278 | Vaults:5 | Got Berobbil's Collected Works on Unholy Electricity
 31328 | Vaults:5 | Identified the staff of Ru's Hope {^Drain rElec Dex+4 Conj
                  | Ice Air}
 31347 | Vaults:5 | Got a silver rune of Zot
 31500 | Vaults:5 | Identified the +5 triple crossbow "Killer Bee's Doom"
                  | {drain, Str+2}
 31653 | Vaults:5 | Got the Handbook of Thunder and Burning
 31721 | Vaults:5 | Identified the +0 scale mail of Dogma {rElec rF- rC+++
                  | Str+3}
 32212 | Snake:1  | Entered Level 1 of the Snake Pit
 32212 | Snake:1  | Found Xutyics's Armour Shop.
 32505 | Snake:3  | Reached skill level 15 in Shapeshifting
 32557 | Snake:4  | Entered Level 4 of the Snake Pit
 32671 | Snake:4  | Reached XP level 23. HP: 195/196 MP: 23/23
 32849 | Snake:4  | Got a jade gem with 1796 turns to spare
 32852 | Snake:4  | Got a serpentine rune of Zot
 33316 | Depths:1 | Entered Level 1 of the Depths
 33316 | Depths:1 | Noticed Mara
 33318 | Depths:1 | Killed Mara
 33349 | Depths:1 | Found a one-way gateway to a ziggurat.
 33378 | Zig:1    | Entered Level 1 of a ziggurat
 33393 | Zig:2    | Entered Level 2 of a ziggurat
 33412 | Zig:2    | Identified the +11 scimitar of Doubt {freeze, rElec Str+3
                  | Stlth+}
 33415 | Zig:3    | Entered Level 3 of a ziggurat
 33439 | Zig:4    | Entered Level 4 of a ziggurat
 33453 | Zig:4    | Identified the +2 robe "Cisay" {^Drain rElec rC+ Archmagi}
 33454 | Zig:4    | Identified the +9 whip "Yddag" {freeze, Int+3}
 33472 | Zig:5    | Entered Level 5 of a ziggurat
 33477 | Zig:5    | Noticed a Killer Klown
 33482 | Zig:5    | Killed a Killer Klown
 33503 | Zig:6    | Entered Level 6 of a ziggurat
 33514 | Zig:6    | Identified the +8 orcbow of Valour {flame, ^Contam rElec
                  | rPois Dex+3}
 33630 | Zig:7    | Entered Level 7 of a ziggurat
 33656 | Zig:8    | Entered Level 8 of a ziggurat
 33677 | Zig:8    | Reached XP level 24. HP: 204/204 MP: 16/23
 33684 | Zig:9    | Entered Level 9 of a ziggurat
 33708 | Zig:9    | Reached XP level 25. HP: 210/210 MP: 21/23
 33710 | Zig:9    | Reached XP level 26. HP: 218/218 MP: 21/23
 33716 | Zig:10   | Entered Level 10 of a ziggurat
 33728 | Zig:10   | Found the +8 Wrath of Trog {antimagic, *Rage Rampage}
 33738 | Zig:10   | Identified the +0 pair of gloves of the Lonely Friars {rN+}
 33893 | Orc:2    | Bought 5 curare-tipped darts for 78 gold pieces
 33893 | Orc:2    | Bought a scroll of teleportation for 39 gold pieces
 33893 | Orc:2    | Bought a scroll of blinking for 97 gold pieces
 33914 | Orc:2    | Bought a potion of curing for 45 gold pieces
 33914 | Orc:2    | Bought a scroll of fear for 60 gold pieces
 33914 | Orc:2    | Bought a scroll of teleportation for 45 gold pieces
 33948 | Orc:2    | Bought a potion of might for 48 gold pieces
 33948 | Orc:2    | Bought a potion of haste for 120 gold pieces
 33948 | Orc:2    | Bought a potion of heal wounds for 60 gold pieces
 34081 | Lair:3   | Killed Rupert
 34139 | Slime:1  | Entered Level 1 of the Pits of Slime
 34447 | Depths:1 | You are sucked into a shaft and drop 1 floor!
 34448 | Depths:2 | Noticed a juggernaut
 34452 | Depths:2 | Found the +8 frozen axe "Frostbite" {freeze, freezing
                  | cloud, *Noise Fly rC+}
 34545 | Depths:2 | Found a one-way gate to the infinite horrors of the Abyss.
 34558 | Depths:2 | Reached XP level 27. HP: 224/224 MP: 23/23
 34615 | Depths:2 | Found a gateway to Hell.
 34732 | Depths:2 | Killed a juggernaut
 35163 | Depths:1 | Noticed Saint Roka
 35165 | Depths:1 | Killed Saint Roka
 35258 | Depths:1 | Found a transporter.
 35378 | Depths:1 | Found Big Baal Hell's Store.
 35588 | Depths:1 | Found a transporter.
 36196 | Vaults:2 | You paid a toll of +2 gold dragon scales to enter a
                  | treasure trove
 36197 | Trove    | Entered a treasure trove
 36216 | Trove    | Identified the +0 hat of the Eternal Fruit {*Slow Int+7}
 36218 | Trove    | Identified the orb of Honour {*Rage, rN+ Str+2 Dex+3
                  | Stlth-}
 36219 | Trove    | Identified the +6 plate armour of Courage {MP+9 Dex+3}
 36240 | Trove    | Identified the amulet "Pazod" {Acrobat -Cast Harm Will++
                  | Str-5}
 36721 | Slime:5  | Entered Level 5 of the Pits of Slime
 38092 | Slime:5  | Found a viscous altar of Jiyva.
 38110 | Slime:5  | Noticed the Royal Jelly
 38117 | Slime:5  | Killed the Royal Jelly
 38248 | Slime:5  | Got a slimy rune of Zot
 38520 | Slime:5  | Identified the +1 robe of the Eleven Prophets {rElec rF-
                  | Regen+ Int-5}
 38614 | Slime:5  | Identified the +3 scimitar of Qinok {flame, Int+2}
 39055 | Pan      | Entered Pandemonium
 39073 | Pan      | Noticed Otutziph the pandemonium lord
 39112 | Pan      | Noticed Oson the pandemonium lord
 39121 | Pan      | Killed Oson the pandemonium lord
 39143 | Pan      | Got a demonic rune of Zot
 39482 | Pan      | Found an exit through the horrors of the Abyss.
 39541 | Pan      | Noticed Pudghut the pandemonium lord
 39546 | Pan      | Killed Pudghut the pandemonium lord
 39548 | Pan      | Entered the realm of Gloorx Vloq.
 39619 | Pan      | Noticed Gloorx Vloq
 39622 | Pan      | Killed Gloorx Vloq
 39687 | Pan      | Got a dark rune of Zot
 39876 | Pan      | Found an exit through the horrors of the Abyss.
 39918 | Pan      | Noticed Afisudwulu the pandemonium lord
 39983 | Pan      | Noticed Bavechest the pandemonium lord
 40053 | Pan      | Killed Bavechest the pandemonium lord
 40224 | Pan      | Identified the amulet of Bopin {Acrobat rElec rC- rN+
                  | Will+++}
 40228 | Depths:2 | Escaped Pandemonium
 40230 | Pan      | Entered Pandemonium
 40260 | Pan      | Noticed Eherph the pandemonium lord
 40272 | Pan      | Killed Eherph the pandemonium lord
 40288 | Pan      | Noticed Jedwilya the pandemonium lord
 40381 | Pan      | Found an exit through the horrors of the Abyss.
 40461 | Pan      | Entered the realm of Mnoleg.
 40462 | Pan      | Identified the amulet of Oleuklyl {Reflect rPois rC- rN+
                  | SH+5 SInv}
 40541 | Pan      | Found an exit through the horrors of the Abyss.
 40585 | Pan      | Noticed Mnoleg
 40592 | Pan      | Killed Mnoleg
 40694 | Pan      | Got a glowing rune of Zot
 40813 | Pan      | Noticed Mennas
 40818 | Pan      | Killed Mennas
 40830 | Pan      | Entered the realm of Lom Lobon.
 41085 | Pan      | Noticed Lom Lobon
 41145 | Pan      | Got a magical rune of Zot
 41190 | Pan      | Entered the realm of Cerebov.
 41306 | Pan      | Reached skill level 15 in Armour
 41557 | Pan      | Found the +6 sword of Cerebov {flame}
 41557 | Pan      | Noticed Cerebov
 41578 | Pan      | Killed Cerebov
 41621 | Pan      | Got a fiery rune of Zot
 41816 | Pan      | Identified the +0 halberd "Doga" {freeze, Int+2 Dex+3 SInv}
 42021 | Pan      | Noticed Siedwig the pandemonium lord
 42028 | Pan      | Killed Siedwig the pandemonium lord
 42030 | Depths:2 | Escaped Pandemonium
 42083 | Depths:2 | Voluntarily entered the Abyss.
 42126 | Abyss:3  | Reached skill level 15 in Evocations
 42137 | Abyss:3  | Found a corrupted altar of Lugonu.
 42153 | Abyss:3  | Found a corrupted altar of Lugonu.
 42153 | Abyss:3  | Found a corrupted altar of Lugonu.
 42253 | Abyss:4  | Found a transporter.
 42317 | Abyss:4  | Got an abyssal rune of Zot
 42328 | Abyss:4  | Found a transporter.
 42335 | Depths:2 | Escaped the Abyss
 42771 | Hell     | Entered the Vestibule of Hell
 42771 | Hell     | Noticed Geryon
 42777 | Hell     | Killed Geryon
 42827 | Hell     | Found a gateway to the freezing wastes of Cocytus.
 42911 | Coc:1    | Entered Level 1 of Cocytus
 42918 | Coc:1    | Reached skill level 1 in Invocations
 42924 | Coc:1    | Reached skill level 2 in Invocations
 42936 | Coc:3    | Noticed an ancient lich
 42937 | Coc:3    | Killed an ancient lich
 42940 | Coc:3    | Reached skill level 3 in Invocations
 43000 | Coc:4    | Reached skill level 4 in Invocations
 43070 | Coc:5    | Reached skill level 5 in Invocations
 43083 | Coc:5    | Paralysed by a wendigo for 1 turns
 43111 | Coc:6    | Reached skill level 6 in Invocations
 43151 | Coc:6    | Reached skill level 7 in Invocations
 43189 | Coc:7    | Entered Level 7 of Cocytus
 43227 | Coc:7    | Reached skill level 8 in Invocations
 43248 | Coc:7    | Reached skill level 9 in Invocations
 43254 | Coc:7    | Identified the +1 demon blade "Hisiram" {drain, +Blink rF+
                  | Will+ Str-4}
 43299 | Coc:7    | Noticed Antaeus
 43304 | Coc:7    | Reached skill level 10 in Invocations
 43318 | Coc:7    | Killed Antaeus
 43339 | Coc:7    | Got an icy rune of Zot
 43443 | Hell     | Reached skill level 11 in Invocations
 43456 | Hell     | Found a gateway to the Iron City of Dis.
 43498 | Dis:1    | Entered Level 1 of the Iron City of Dis
 43511 | Dis:1    | You are sucked into a shaft and drop 1 floor!
 43665 | Dis:4    | Reached skill level 12 in Invocations
 43844 | Dis:5    | Reached skill level 13 in Invocations
 43890 | Dis:7    | Entered Level 7 of the Iron City of Dis
 44529 | Dis:7    | Reached skill level 14 in Invocations
 44646 | Dis:7    | Noticed a juggernaut
 44660 | Dis:7    | Killed a juggernaut
 44696 | Dis:7    | Identified the ring "Xazibex" {Wiz Dex+3 Slay+5}
 44696 | Dis:7    | Noticed Dispater
 44718 | Dis:7    | Reached skill level 15 in Invocations
 44721 | Dis:7    | Killed Dispater
 44730 | Dis:7    | Got an iron rune of Zot
 44984 | Hell     | Found a gateway to the ashen valley of Gehenna.
 44991 | Geh:1    | Entered Level 1 of Gehenna
 45004 | Geh:2    | Reached skill level 16 in Invocations
 45036 | Geh:3    | Reached skill level 17 in Invocations
 45087 | Geh:5    | Reached skill level 18 in Invocations
 45182 | Geh:6    | Noticed a dread lich
 45184 | Geh:6    | Reached skill level 19 in Invocations
 45193 | Geh:6    | Killed a dread lich
 45206 | Geh:7    | Entered Level 7 of Gehenna
 45419 | Geh:7    | Found the +13 sceptre of Asmodeus
 45419 | Geh:7    | Noticed Asmodeus
 45431 | Geh:7    | Killed Asmodeus
 45432 | Geh:7    | Reached skill level 20 in Invocations
 45466 | Geh:7    | Identified the staff "Zora" {rCorr Int+2 Conj Summ}
 45471 | Geh:7    | Identified the staff of Ycser {rElec rF+ Air}
 45476 | Geh:7    | Got Fied's Opusculum on Spooky Action
 45488 | Geh:7    | Got an obsidian rune of Zot
 45492 | Geh:7    | Identified the staff of the Fool {rF+ Str+3 Fire}
 45732 | Hell     | Found a gateway to the decaying netherworld of Tartarus.
 45741 | Tar:1    | Entered Level 1 of Tartarus
 45841 | Tar:5    | Reached skill level 21 in Invocations
 45916 | Tar:7    | Entered Level 7 of Tartarus
 45983 | Tar:7    | Noticed the Serpent of Hell
 45987 | Tar:7    | Killed the Serpent of Hell
 45994 | Tar:7    | Noticed Ereshkigal
 45998 | Tar:7    | Killed Ereshkigal
 46006 | Tar:7    | Reached skill level 22 in Invocations
 46007 | Tar:7    | Noticed a dread lich
 46014 | Tar:7    | Killed a dread lich
 46036 | Tar:7    | Got a bone rune of Zot
 46088 | Tar:7    | Reached skill level 23 in Invocations
 46094 | Tar:7    | Noticed a dread lich
 46099 | Tar:7    | Killed a dread lich
 46423 | Crypt:1  | Entered Level 1 of the Crypt
 46564 | Crypt:1  | You are sucked into a shaft and drop 1 floor!
 46568 | Crypt:3  | Entered Level 3 of the Crypt
 46568 | Crypt:3  | Identified the orb of the Bells {*channel, Regen+}
 46568 | Crypt:3  | Noticed Frederick
 46577 | Crypt:3  | Killed Frederick
 46729 | Crypt:3  | Found a staircase to the Tomb.
 46729 | Crypt:3  | Noticed a dread lich
 46732 | Crypt:3  | Killed a dread lich
 46736 | Tomb:1   | Entered Level 1 of the Tomb of the Ancients
 46788 | Tomb:1   | Noticed a royal mummy
 46791 | Tomb:1   | Killed a royal mummy
 46821 | Tomb:1   | Reached skill level 24 in Invocations
 46832 | Tomb:1   | Noticed a royal mummy
 46836 | Tomb:1   | Killed a royal mummy
 46854 | Tomb:2   | Noticed a royal mummy
 46861 | Tomb:2   | Killed a royal mummy
 46864 | Tomb:2   | Noticed a royal mummy
 46864 | Tomb:2   | Noticed a royal mummy
 46868 | Tomb:2   | Killed a royal mummy
 46873 | Tomb:2   | Killed a royal mummy
 46912 | Tomb:1   | Noticed a royal mummy
 46919 | Tomb:1   | Killed a royal mummy
 46924 | Tomb:1   | Noticed a royal mummy
 46934 | Tomb:1   | Killed a royal mummy
 46969 | Tomb:1   | Noticed a royal mummy
 46974 | Tomb:1   | Noticed a royal mummy
 46976 | Tomb:1   | Killed a royal mummy
 46977 | Tomb:1   | Noticed a royal mummy
 46980 | Tomb:1   | Noticed a royal mummy
 46980 | Tomb:1   | Noticed a royal mummy
 46984 | Tomb:1   | Noticed a royal mummy
 46984 | Tomb:1   | Killed a royal mummy
 46984 | Tomb:1   | Killed a royal mummy
 46986 | Tomb:1   | Killed a royal mummy
 46986 | Tomb:1   | Noticed a royal mummy
 46987 | Tomb:1   | Noticed a royal mummy
 46991 | Tomb:1   | Killed a royal mummy
 46992 | Tomb:1   | Killed a royal mummy
 46993 | Tomb:1   | Noticed a royal mummy
 46994 | Tomb:1   | Killed a royal mummy
 46995 | Tomb:1   | Killed a royal mummy
 46997 | Tomb:1   | Noticed a royal mummy
 47002 | Tomb:1   | Killed a royal mummy
 47005 | Tomb:1   | Killed a royal mummy
 47039 | Tomb:1   | Noticed a royal mummy
 47047 | Tomb:1   | Killed a royal mummy
 47049 | Tomb:1   | Noticed a royal mummy
 47055 | Tomb:1   | Killed a royal mummy
 47056 | Tomb:1   | Reached skill level 25 in Invocations
 47176 | Tomb:3   | Entered Level 3 of the Tomb of the Ancients
 47218 | Tomb:3   | Noticed a royal mummy
 47218 | Tomb:3   | Noticed a royal mummy
 47221 | Tomb:3   | Killed a royal mummy
 47226 | Tomb:3   | Noticed a royal mummy
 47227 | Tomb:3   | Noticed a royal mummy
 47227 | Tomb:3   | Killed a royal mummy
 47231 | Tomb:3   | Noticed a royal mummy
 47231 | Tomb:3   | Identified the +4 robe of Beogh's Hatred {Str+2 Dex+6}
 47231 | Tomb:3   | Noticed Boris
 47235 | Tomb:3   | Reached skill level 26 in Invocations
 47244 | Tomb:3   | Got a golden rune of Zot
 47248 | Tomb:3   | Noticed a royal mummy
 47248 | Tomb:3   | Noticed a royal mummy
 47257 | Tomb:3   | Noticed a royal mummy
 47287 | Tomb:1   | Noticed a royal mummy
 47290 | Tomb:1   | Killed a royal mummy
 47295 | Tomb:1   | Noticed a royal mummy
 47775 | Depths:4 | Entered Level 4 of the Depths
 47862 | Depths:4 | Found a gate to the Realm of Zot.
 47869 | Depths:4 | Got a midnight gem with 848 turns to spare
 47891 | Zot:1    | Entered Level 1 of the Realm of Zot
 47915 | Zot:1    | Reached skill level 27 in Invocations
 47918 | Zot:1    | Noticed an orb of fire
 47928 | Zot:1    | Killed an orb of fire
 48195 | Zot:3    | Noticed an orb of fire
 48203 | Zot:3    | Killed an orb of fire
 48294 | Zot:5    | Entered Level 5 of the Realm of Zot
 48395 | Zot:5    | Found a runed translucent gate.
 48395 | Zot:5    | Found a runed translucent gate.
 48396 | Zot:5    | Found a runed translucent gate.
 48397 | Zot:5    | Noticed Feng's ghost (veteran OnBe)
 48574 | Zot:5    | Got a prismatic gem with 341 turns to spare
 48598 | Zot:5    | Noticed an ancient lich
 48599 | Zot:5    | Noticed an orb of fire
 48599 | Zot:5    | Killed an ancient lich
 48600 | Zot:5    | Noticed a dread lich
 48602 | Zot:5    | Killed an orb of fire
 48602 | Zot:5    | Killed a dread lich
 48634 | Zot:5    | Noticed an orb of fire
 48640 | Zot:5    | Noticed an ancient lich
 48641 | Zot:5    | Killed an orb of fire
 48646 | Zot:5    | Killed an ancient lich
 48648 | Zot:5    | Got the Orb of Zot
 48900 | Depths:4 | Paralysed by accursed screaming for 1 turns
 49140 | D:9      | Noticed Utiyhum the pandemonium lord
 49143 | D:9      | Killed Utiyhum the pandemonium lord
 49193 | Temple   | Fell from the grace of Wu Jian
 49193 | Temple   | Became a worshipper of Vehumet
 49950 | D:1      | Reached * piety under Vehumet
 49950 | D:1      | Offered knowledge of Shock by Vehumet.
 49970 | D:$      | Escaped with the Orb!

Illustrated notes

Levels and vault maps discovered:
D:1:      nicolae_arrival_memento_mori, layout_basic,
          shapermc_ecumenical_altar_starsandcircs, minmay_bisected
D:2:      layout_loops_corners, uniq_robin, uniq_crazy_yiuf_cottage
D:3:      layout_basic, nicolae_gozag_seed_capital, serial_glass,
          glass_columns_a, glass_columns_a, glass_columns_a, glass_columns_a,
          glass_columns_b, glass_columns_b, glass_columns_a, glass_columns_c,
          glass_columns_a, glass_columns_b, glass_columns_a, glass_columns_b,
          glass_columns_b, glass_columns_a
D:4:      layout_basic, mainiacjoe_overflow_catwalk,
          mainiacjoe_overflow_boulevard, bloody_makhleb,
          nicolae_overflow_two_pavilions, st_stairs_10, uniq_menkaure,
          uniq_natasha
D:5:      layout_gridville, mainiacjoe_overflow_brackets,
          mainiacjoe_overflow_catwalk_spiral, gammafunk_ghost_nasty_kobolds,
          nicolae_nh_oracle_at_delphi, uniq_ijyb
D:6:      old_forge, layout_basic, pf_just_have_faith, lemuel_doored_altar,
          serial_glass, glass_columns_a, glass_columns_b,
          chequers_serial_rivers_room_b
D:7:      layout_loops_corners, minmay_temple_entry_junction
D:8:      layout_rooms, mainiacjoe_overflow_tiny_flanked,
          nicolae_overflow_crystal_walls, gammafunk_ghost_wrathful_warriors,
          kennysheep_generic_room_13
D:9:      layout_cave_pods, cheibriados_altar_2
D:10:     layout_roguey, mainiacjoe_overflow_alcove_2
D:11:     layout_irregular_city, hellmonk_lair_entry_icy,
          portal_ice_cave_entry_imps, minmay_statue_crystal_thing
D:12:     layout_big_octagon, minmay_orc_entry_guard_dogs
D:13:     layout_irregular_city
D:14:     layout_irregular_city, grunt_vaults_entry_fortified,
          nicolae_the_louvre
D:15:     hangedman_depths_entry_civil_slaughter, layout_loops_corners,
          nicolae_wu_jian_wuxing_cycle
Temple:   nicolae_temple_great_sept
Lair:1:   layout_gridlike, basic_altar, grunt_forest_small_clearings,
          nicolae_lair_liquid_snakes
Lair:2:   layout_chaotic_city, shoals_dummy_entry, alex1729_snake_entry_snake,
          gammafunk_ghost_berserking_beasts, grunt_megastairs_4
Lair:3:   layout_long_grid, guppyfry_lair_drakes, lemuel_fruit_tree,
          uniq_gastronok, uniq_rupert
Lair:4:   layout_roguey, serial_rivers, chequers_serial_rivers_marsh,
          chequers_serial_rivers_micro_e, chequers_serial_rivers_micro_a,
          chequers_serial_rivers_marsh, chequers_serial_rivers_small_b,
          serial_bayou_pond_d, uniq_kirke
Lair:5:   hangedman_lair_in_review, layout_regular_city, slime_entry_1,
          gauntlet_entry_generic
Shoals:1: layout_shoals, uniq_jorgrun, uniq_mlioglotl
Shoals:2: layout_shoals
Shoals:3: layout_shoals
Shoals:4: shoals_end_simple, layout_shoals, serial_shops, shop, uniq_nikola
Snake:1:  layout_misc_corridors, serial_shops, shop, minmay_shop_star,
          uniq_aizul
Snake:2:  layout_honeycomb
Snake:3:  layout_onion, grunt_megastairs_3
Snake:4:  grunt_snake_rune_pools, layout_grid_shapes, serial_shops, shop
Slime:1:  layout_caves
Slime:2:  layout_caves
Slime:3:  layout_caves
Slime:4:  layout_caves
Slime:5:  slime_pit_nicolae_inversion
Orc:1:    layout_diamond_mine, serial_shops, nicolae_shop_real_fake_doors,
          gammafunk_ghost_arena
Orc:2:    pf_orc_diabolical, layout_caves, serial_shops,
          nicolae_shop_tiny_statue_garden, nicolae_shop_just_a_little_nook,
          shop, nicolae_shop_gibbet_a_chance, special_room, mines5_lemuel
Elf:1:    nicolae_elf_arrival_dilemma, layout_onion_city, serial_shops,
          nicolae_shop_just_a_little_nook, minmay_elf_sorcery,
          hangedman_elf_power_crystal
Elf:2:    nicolae_elf_blades_crystal_corner, layout_loops_ring, serial_shops,
          shop
Elf:3:    minmay_elf_hall_four_x, layout_geoelf_octagon, serial_shops, shop
Vaults:1: vaults_dpeg_emergency_exit, hangedman_vaults_restitches,
          nicolae_vaults_mini_display_case, v_misc_12, vaults_mumra_hex,
          nicolae_vaults_storage_closets_1,
          nicolae_vaults_shipping_containers_6, vaults_dpeg_encased_lava,
          dpeg_vaults_monster_row, vaults_dpeg_hooks,
          nicolae_vaults_tetromino_Z_1, layout_vaults_maze_snakey
Vaults:2: grunt_vaults_trifunnel, minmay_crypt_entry_skeletal_spiral,
          nicolae_vaults_border_crossing, v_alt_pattern_6,
          nicolae_vaults_turnstiles, nicolae_vaults_circle_grid_b,
          lightli_orcish_oven, nicolae_vaults_shrinking_rooms_2,
          ontoclasm_vaults_decontamination, nicolae_vaults_tetromino_T_1,
          nicolae_vaults_diamond_2, ontoclasm_vaults_ligature,
          layout_vaults_omnibox, nicolae_trove_entry_diagonal
Vaults:3: nicolae_vaults_sesquioval_fish, nicolae_vaults_shipping_containers_1,
          ontoclasm_vaults_loading_screen, v_misc_29, vaults_room_octagon,
          v_misc_33, v_misc_29, nicolae_vaults_doubleplus_tesselated,
          nicolae_vaults_alarming, nicolae_vaults_shelves_hall,
          nicolae_vaults_trapezoid_1, nicolae_vaults_little_squares_3,
          nicolae_vaults_tetromino_Z_2, layout_vaults_ring, serial_shops, shop,
          uniq_xtahua
Vaults:4: nicolae_vaults_gold_heap, nicolae_vaults_taking_the_gang_shopping,
          nicolae_vaults_little_ls, nicolae_vaults_network_square, v_misc_31,
          vaults_mumra_minichess, nicolae_vaults_little_squares_4,
          vaults_room_semicircle, vaults_room_pool, layout_vaults_quadrants,
          serial_shops, shop, shop, shop
Vaults:5
Crypt:1:  layout_chaotic_city
Crypt:2:  layout_chaotic_city, st_stairs_5, nicolae_crypt_little_mausoleum
Crypt:3:  quadcrypt_mu, uniq_frederick, uniq_zenata
Tomb:1
Tomb:2
Tomb:3:   uniq_boris
Depths:1: layout_honeycomb, enter_ziggurat_d, nicolae_hell_entry_big_baal_hell,
          nicolae_titane, abyss_entry_crystal, hangedman_decor_push,
          nicolae_diode_stairs, infiniplex_staircase_pool_lava, uniq_saint_roka,
          uniq_mara
Depths:2: grunt_twisty_corner, layout_basic, minmay_room_of_horrors,
          grunt_hell_entry_dis_mu, pan_entry, infiniplex_staircase_zigzag_1
Depths:3: nicolae_terramorphic_expanse [nicolae_terramorphic_quarter,
          nicolae_terramorphic_quarter, nicolae_terramorphic_quarter,
          nicolae_terramorphic_quarter, nicolae_terramorphic_quarter,
          nicolae_terramorphic_biome, nicolae_terramorphic_biome,
          nicolae_terramorphic_biome, nicolae_terramorphic_biome],
          layout_cave_pools, abyss_entry, pf_coc_iceberg,
          nicolae_dithmenos_through_a_glass_darkly, pan_entry
Depths:4: grunt_zot_entry_hairpin, layout_cave_shapes, minmay_misc_feat_rows,
          infiniplex_enter_wizlab_water, abyss_entry, lightli_too_deep,
          minmay_shop_grove
Hell
Dis:1:    layout_gridville
Dis:2:    layout_gridville
Dis:3:    layout_gridville
Dis:4:    layout_gridville, nicolae_dis_fourth_circle
Dis:5:    layout_subdivisions
Dis:6:    layout_gridville
Dis:7:    dis_st
Geh:1:    layout_gehenna_lava_caves
Geh:2:    layout_gehenna_pools_triple, nicolae_geh_lava_in_the_way
Geh:3:    layout_gehenna_pools_basic, evilmike_ambush
          [evilmike_ambush_outer_corners, evilmike_ambush_inner_cross]
Geh:4:    layout_gehenna_pools_box
Geh:5:    layout_gehenna_lava_caves
Geh:6:    layout_gehenna_lava_caves
Geh:7:    geh_mu
Coc:1:    layout_cocytus_water_paths
Coc:2:    layout_cocytus_water_paths
Coc:3:    layout_cocytus_water_paths
Coc:4:    layout_ice_bergs
Coc:5:    layout_ice_bergs
Coc:6:    layout_cocytus_water_paths
Coc:7:    coc_mu
Tar:1:    layout_grid_maze, nicolae_tar_cuneiform_sun, nicolae_tar_windowcombs
Tar:2:    layout_grid_maze, nicolae_tar_cuneiform_not
Tar:3:    layout_catacombs
Tar:4:    layout_grid_maze
Tar:5:    layout_honeycomb
Tar:6:    layout_cathedral_of_symmetry, nicolae_hells_seeping_fissure
Tar:7:    tar_grunt_cathedral
Zot:1:    regret_index_all_hallows'_manor, layout_misc_corridors,
          hangedman_zot_decor_checkerboard
Zot:2:    layout_onion_interference, uniq_tiamat
Zot:3:    layout_concentric_octagons
Zot:4:    regret_index_infernal_bastille, layout_concentric_octagons,
          regret_index_zot_stipple_split
Zot:5:    layout_onion, gammafunk_ghost_tricky_traps

Skill      XL: |  1  2  3  4  5  6  7  8  9 10 11 12 13 14 15 16 17 18 19 20 21 22 23 24 25 26 27 |
---------------+----------------------------------------------------------------------------------+-----
Short Blades   | 2 3 4 5 6 8 9 10 11 | 11.2
Fighting       | 3 4 6 7 9 11 13 14 15 17 18 19 20 25 | 25.4
Evocations     | 1 2 3 4 5 8 10 18 | 18.3
Long Blades    | 3 7 10 11 13 14 | 14.7
Dodging        | 4 6 8 11 13 14 17 20 25 | 25.0
Shapeshifting  | 3 10 12 15 18 19 20 23 | 23.0
Armour         | 4 12 13 18 | 18.3
Invocations    | 27 | 27.0
Throwing       | |  1.7
Stealth        | |  3.2

Action                     |  1- 3 |  4- 6 |  7- 9 | 10-12 | 13-15 | 16-18 | 19-21 | 22-24 | 25-27 || total
---------------------------+-------+-------+-------+-------+-------+-------+-------+-------+-------++-------
  Melee: Dagger            |   132 |   193 |   190 |   245 |   610 |   296 |   814 |   452 |  1769 ||  4701
         Short sword       |       |       |   139 |       |       |       |       |       |       ||   139
         Double sword      |       |       |    62 |   301 |   689 |   703 |   964 |   502 |  4574 ||  7795
         Rapier            |       |       |       |       |       |   338 |    91 |       |   447 ||   876
         Unarmed           |       |       |       |       |       |       |     4 |       |       ||     4
         Eudemon blade     |       |       |       |       |       |       |       |       |  2046 ||  2046
  Throw: Dart              |     2 |     8 |     1 |     7 |     2 |     3 |       |       |     3 ||    26
         Throwing net      |       |       |       |       |       |       |     1 |       |     7 ||     8
 Invoke: Serpent's Lash    |       |       |       |     1 |     7 |    11 |    10 |     6 |    61 ||    96
         Heavenly Storm    |       |       |       |       |     1 |     2 |     2 |     2 |    13 ||    20
Ability: Lunge             |       |       |     5 |    43 |    82 |   142 |   119 |    80 |   567 ||  1038
         Whirlwind         |       |       |       |    36 |   294 |   250 |   352 |   217 |  2074 ||  3223
         Siphon Essence    |       |       |       |       |       |       |       |       |     1 ||     1
  Evoke: Wand              |       |     1 |       |     1 |       |     4 |       |     1 |    12 ||    19
         Phantom mirror    |       |       |       |       |       |       |     1 |       |     2 ||     3
         Horn of Geryon    |       |       |       |       |       |       |       |       |     1 ||     1
    Use: Scroll            |     6 |     1 |     4 |     9 |     6 |     8 |     3 |     3 |    47 ||    87
         Potion            |       |       |       |     2 |       |     5 |     7 |     5 |    10 ||    29
   Stab: Sleeping          |     8 |     7 |    16 |     9 |    11 |    18 |    14 |     5 |    21 ||   109
         Held in net/web   |       |       |     1 |       |       |       |     1 |       |    43 ||    45
         Distracted        |       |       |       |     5 |     5 |     7 |     2 |     1 |    23 ||    43
         Paralysed         |       |       |       |       |       |     2 |       |       |       ||     2
         Confused          |       |       |       |       |       |       |     1 |       |       ||     1
 Armour: Robe              |    20 |       |       |       |       |       |       |       |       ||    20
         Leather armour    |    25 |    34 |    91 |    35 |       |       |       |       |       ||   185
         Troll leather arm |       |       |       |   106 |   172 |   164 |   189 |    82 |   612 ||  1325
         Skin              |       |       |       |       |       |       |     1 |       |     4 ||     5
         Fire dragon scale |       |       |       |       |       |       |       |       |   351 ||   351
         Acid dragon scale |       |       |       |       |       |       |       |       |    81 ||    81
  Dodge: Dodged            |    29 |    38 |    68 |    94 |   167 |   225 |   330 |   258 |  2266 ||  3475
  Block: Other             |       |       |       |     8 |    39 |     5 |       |       |       ||    52
         Reflection        |       |       |       |     1 |     3 |       |       |       |       ||     4
   Form: Death             |       |       |       |       |       |       |       |       |     4 ||     4
                           |       |       |       |       |       |       |       |       |     2 ||     2
         Statue            |       |       |       |       |       |       |       |       |     1 ||     1

Table legend: (Time is in decaauts)
 A = Elapsed time spent in this place.
 B = Non-inter-level travel time spent in this place.
 C = Inter-level travel time spent in this place.
 D = Time resting spent in this place.
 E = Time spent auto-exploring this place.
 F = Levels seen in this place.
 G = Mean time per level.
                   A        B        C        D        E       F      G
               +--------+--------+--------+--------+--------+-----+--------+
         Total |  49275 |  42259 |   7016 |   2701 |  25330 | 122 |  403.9 |
       Dungeon |  16388 |  13440 |   2948 |    687 |  10429 |  15 | 1092.5 |
        Temple |     49 |     28 |     21 |      0 |      0 |   1 |   49.0 |
          Lair |   5444 |   4292 |   1152 |    156 |   3384 |   5 | 1088.8 |
        Shoals |   2895 |   2746 |    149 |     47 |   2192 |   4 |  723.8 |
     Snake Pit |    859 |    630 |    229 |     60 |    242 |   4 |  214.8 |
    Slime Pits |   1582 |   1441 |    141 |    333 |    556 |   5 |  316.4 |
  Orcish Mines |   1387 |    979 |    408 |      0 |    711 |   2 |  693.5 |
   Elven Halls |   3183 |   2869 |    314 |    158 |   1965 |   3 | 1061.0 |
        Vaults |   5714 |   5037 |    677 |    151 |   3714 |   5 | 1142.8 |
         Crypt |    479 |    451 |     28 |      0 |     10 |   3 |  159.7 |
          Tomb |    647 |    599 |     48 |      0 |      0 |   3 |  215.7 |
        Depths |   2299 |   1667 |    632 |     48 |    960 |   4 |  574.8 |
          Hell |    448 |    431 |     17 |     45 |      0 |   1 |  448.0 |
           Dis |   1355 |   1268 |     87 |    584 |      2 |   7 |  193.6 |
       Gehenna |    666 |    562 |    104 |      0 |      0 |   7 |   95.1 |
       Cocytus |    457 |    457 |      0 |      0 |     23 |   7 |   65.3 |
      Tartarus |    403 |    381 |     22 |      0 |      7 |   7 |   57.6 |
           Zot |    920 |    885 |     35 |      0 |    206 |   5 |  184.0 |
         Abyss |    327 |    327 |      0 |      0 |     25 |   3 |  109.0 |
   Pandemonium |   2923 |   2923 |      0 |    251 |    697 |  18 |  162.4 |
      Ziggurat |    360 |    360 |      0 |    116 |      0 |  10 |   36.0 |
         Trove |     92 |     92 |      0 |      0 |     36 |   1 |   92.0 |
      Ice Cave |      4 |      4 |      0 |      0 |      0 |   1 |    4.0 |
      Gauntlet |    381 |    381 |      0 |     64 |    170 |   1 |  381.0 |
               +--------+--------+--------+--------+--------+-----+--------+

Top non-repeatable levels by time:
    D:11: 1351 daAuts
     D:1: 1343 daAuts
     D:6: 1332 daAuts
     D:9: 1331 daAuts
Depths:1: 1304 daAuts
    D:12: 1259 daAuts
  Lair:3: 1252 daAuts
Vaults:2: 1246 daAuts
     D:2: 1238 daAuts
     D:7: 1215 daAuts
  Lair:1: 1203 daAuts
Vaults:4: 1159 daAuts
Vaults:1: 1155 daAuts
    D:15: 1149 daAuts
   Elf:3: 1125 daAuts
